 Dungeon Crawl Stone Soup version 0.22-a0-99-g1ac4c55 (webtiles) character file.

280 mortelune the Conjurer (level 6, -12/45 HPs)
             Began as a Draconian Fire Elementalist on Jan 25, 2018.
             Was an Initiate of Vehumet.
             Mangled by Duvessa
             ... wielding a +0 short sword of electrocution
              (18 damage)
             ... on level 4 of the Dungeon.
             The game lasted 00:10:35 (4408 turns).

mortelune the Conjurer (DrFE)                       Turns: 4408, Time: 00:10:36

Health: -12/45     AC:  6    Str: 10    XL:     6   Next: 5%
Magic:  7/11       EV: 11    Int: 17    God:    Vehumet [......]
Gold:   120        SH:  0    Dex: 12    Spells: 5/11 levels left

rFire    . . .     SeeInvis .   r - +1 trident
rCold    . . .     Gourm    .   (no shield)
rNeg     . . .     Faith    .   (armour unavailable)
rPois    .         Spirit   .   (helmet restricted)
rElec    .         Reflect  .   (no cloak)
rCorr    .         Harm     .   (no gloves)
MR       .....     Rnd*Tele +   (no boots)
Stlth    ++........             (no amulet)
HPRegen  0.15/turn              t - ring of teleportation (curse)
MPRegen  0.12/turn              u - ring of stealth

@: lethally poisoned (-12 -> -16), heavily drained
A: unfitting armour, cold-blooded, AC +6
a: Renounce Religion


You were on level 4 of the Dungeon.
You worshipped Vehumet.
Vehumet was noncommittal.
You were hungry.

You visited 1 branch of the dungeon, and saw 4 of its levels.

You collected 120 gold pieces.

Inventory:

Hand Weapons
 c - a +0 whip
 e - a +0 spear
 r - a +1 trident (weapon)
Jewellery
 t - a cursed ring of teleportation (left hand)
 u - a ring of stealth (right hand)
Scrolls
 f - a scroll of enchant weapon
 i - a scroll of fear
Potions
 d - a potion of agility
 g - a potion of heal wounds
 h - 2 potions of berserk rage {unknown}
 k - a potion of degeneration
 m - a potion of curing
 n - a potion of haste
 o - a potion of brilliance
 q - a potion of magic
Books
 a - a book of Flames

   Spells                             Type                      Level
   a - Flame Tongue                   Conjuration/Fire             1
   b - Throw Flame                    Conjuration/Fire             2
   c - Conjure Flame                  Conjuration/Fire             3
   d - Inner Flame                    Hexes/Fire                   3
   e - Sticky Flame                   Conjuration/Fire             4
   f - Fireball                       Conjuration/Fire             5
Comestibles
 b - 4 rations


   Skills:
 - Level 1.7(0.5) Dodging
 - Level 1.7(0.5) Stealth
 + Level 3.3(2.1) Spellcasting
 * Level 4.3(3.0) Conjurations
 + Level 4.2(2.9) Fire Magic


You had 5 spell levels left.
You knew the following spells:

 Your Spells              Type           Power        Failure   Level  Hunger
a - Flame Tongue          Conj/Fire      ##...        5%          1    #......
b - Throw Flame           Conj/Fire      ##....       9%          2    ###....
c - Conjure Flame         Conj/Fire      ##......     17%         3    ###....


Dungeon Overview and Level Annotations

Branches:
Dungeon (4/15)
 Temple: D:4-7

Altars:
Hepliaklqana
Vehumet

Annotations:
D:4 Dowan, Duvessa


Innate Abilities, Weirdness & Mutations

Your plain brown scales are hard. (AC +6)
You cannot fit into any form of body armour.
You are cold-blooded and may be slowed by cold attacks.


Message History

The worker ant is severely wounded.
Duvessa shouts!
* * * LOW HITPOINT WARNING * * *
You feel sick. The worker ant barely misses you.
You feel better.
Duvessa hits you with a short sword of electrocution.
The worker ant barely misses you. Duvessa barely misses you.
Casting: Flame Tongue
Confirm with . or Enter, or press ? or * to list all spells.
Aiming: Flame Tongue
Press: ? - help, Shift-Dir - straight line, f/p - worker ant
Aim: a worker ant (severely wounded)
The flame tongue misses the worker ant.
The worker ant bites you.
* * * LOW HITPOINT WARNING * * *
You are poisoned.
The worker ant poisons you!
Duvessa hits you with a short sword of electrocution.
* * * LOW HITPOINT WARNING * * *
You are electrocuted!
You die...

.#+ ..a
#####>. .....#
..[. # #.#
..##.# ##.#
####+#....#
.... #...e...#
..#
#..@a.#.$.....
..#
#..).(#.......
#e#
#.....#.......
#e#
#######.......
#.# .......
#{# .......
#o) .......
.... .....
......


You could see Duvessa and a worker ant.

Vanquished Creatures
  A bullfrog zombie (D:3)
  2 orc wizards
  2 worker ants
  3 gnolls
  4 adders
  3 worms (D:2)
  9 orcs
  9 bats
  3 giant cockroaches
  8 goblins
  6 hobgoblins
  A quokka (D:3)
  3 ball pythons
  3 frilled lizards
  8 kobolds
  8 rats
73 creatures vanquished.

Notes
Turn   | Place    | Note
-------+----------+-------------------------------------------
     0 | D:1      | mortelune the Draconian Fire Elementalist began the quest for the Orb.
     0 | D:1      | Reached XP level 1. HP: 14/14 MP: 3/3
   217 | D:1      | Reached XP level 2. HP: 20/20 MP: 1/5
   221 | D:1      | Learned a level 2 spell: Throw Flame
  1315 | D:1      | Reached XP level 3. HP: 26/26 MP: 1/6
  1405 | D:2      | Learned a level 3 spell: Conjure Flame
  2066 | D:2      | Found a hazy altar of Hepliaklqana.
  2170 | D:2      | Reached XP level 4. HP: 33/33 MP: 2/8
  2708 | D:2      | Found a faded altar of an unknown god.
  3178 | D:3      | Reached XP level 5. HP: 26/38 MP: 0/9
  4069 | D:3      | Found a radiant altar of Vehumet.
  4078 | D:3      | Became a worshipper of Vehumet
  4358 | D:4      | Noticed Dowan
  4361 | D:4      | Noticed Duvessa
  4361 | D:4      | Noticed an ogre
  4362 | D:4      | Noticed a phantom
  4390 | D:4      | Reached XP level 6. HP: 24/45 MP: 0/11
  4408 | D:4      | Mangled by Duvessa

Vault maps used:
D:1:      lightli_arrival_maybe_door_vault, minmay_tall_x
D:2:      old_standard_altar, chequers_ecumenical_altar_grove, first_ration
D:3:      vehumet_crystals
D:4:      uniq_duvessa

Skill      XL: |  1  2  3  4  5 |
---------------+----------------+-----
Conjurations   | 2 3 4 |  4.3
Spellcasting   | 3 |  3.3
Fire Magic     | 4 |  4.2
Dodging        | |  1.7
Stealth        | |  1.7

Action                   |  1- 3 |  4- 6 || total
-------------------------+-------+-------++-------
Melee: Whip              |    16 |     6 ||    22
       Tailslap          |     1 |     1 ||     2
       Trident           |       |     6 ||     6
 Cast: Flame Tongue      |    33 |    55 ||    88
       Throw Flame       |    19 |    28 ||    47
  Use: Scroll            |       |    14 ||    14
       Potion            |       |     2 ||     2
  Eat: Chunk             |     5 |     9 ||    14
Armor: Skin              |     8 |     8 ||    16
Dodge: Dodged            |    17 |    29 ||    46

Table legend:
 A = Spawn XP
 B = Non-spawn XP
 C = Spawn XP percentage of total XP
 D = Spawn monster count
 E = Non-spawn monster count
 F = Spawn count percentage of total count
 G = Total turns spent on level
                    A         B        C        D         E        F      G
               +---------+---------+-------+---------+---------+-------+---------
         Total |       0 |     400 |   0.0 |       0 |      73 |   0.0 |  4408
               +---------+---------+-------+---------+---------+-------+---------
           D:1 |       0 |      37 |   0.0 |       0 |      17 |   0.0 |  1245
           D:2 |       0 |     112 |   0.0 |       0 |      25 |   0.0 |  1790
           D:3 |       0 |     176 |   0.0 |       0 |      27 |   0.0 |  1296
           D:4 |       0 |      75 |   0.0 |       0 |       4 |   0.0 |    77
               +---------+---------+-------+---------+---------+-------+---------
